 Dungeon Crawl Stone Soup version 0.32-a0-290-g598725c5f2 (webtiles) character file.

Game seed: 2899981332722024623

36 jasper the Shield-Bearer (level 3, 31/31 HPs)
             Began as a Mountain Dwarf Fighter on Feb 13, 2024.
             Quit the game on level 1 of the Dungeon.
             The game lasted 00:01:42 (628 turns).

jasper the Shield-Bearer (Mountain Dwarf Fighter)    Turns: 628, Time: 00:01:43

Health: 31/31      AC:  6    Str: 18    XL:     3   Next: 19%
Magic:  3/3        EV:  9    Int: 10    God:
Gold:   59         SH:  4    Dex:  9    Spells: 2/2 levels left

rFire   . . .        a - +0 flail
rCold   . . .        c - +0 buckler
rNeg    . . .        b - +0 scale mail
rPois   .            (no helmet)
rElec   .            (no cloak)
rCorr   .            (no gloves)
SInv    .            (no boots)
Will    +....        (no amulet) Stlth
                     g - ring of willpower
HPRegen 0.25/turn    (no ring)
MPRegen 0.08/turn

%: no passive effects
@: no status effects
A: runic magic, artefact enchanting
a: no special abilities


You were on level 1 of the Dungeon.
You visited 1 branch of the dungeon, and saw 1 of its levels.

You collected 59 gold pieces.

Inventory:

Hand Weapons
 a - a +0 flail (weapon)
Armour
 b - a +0 scale mail (worn)
 c - a +0 buckler (worn)
 i - a +0 cloak
Jewellery
 g - a ring of willpower (left hand)
Scrolls
 e - a scroll of identify {unknown}
 h - a scroll of amnesia {unknown}
Potions
 d - a potion of might
 f - a potion of heal wounds {unknown}


   Skills:
 + Level 3.6 Fighting
 * Level 3.3 Maces & Flails
 + Level 3.6 Armour
 + Level 3.6 Shields


You had 2 spell levels left.
You didn't know any spells.
Your spell library contained the following spells:

 Spells                   Type           Power      Damage    Failure   Level
 Leda's Liquefaction      Alch/Erth      0%         N/A       99%         4
 Lee's Rapid Deconstruct  Erth           0%         3d4*      100%        5
 Bombard                  Conj/Erth      0%         9d1       100%        6


Dungeon Overview and Level Annotations

Branches:
Dungeon (1/15)

Altars:

Annotations:
D:1 1 runed translucent door


Innate Abilities, Weirdness & Mutations

Your spellcasting is much less encumbered by armour.
You can use scrolls of enchantment on lesser artefacts.


Message History

The ball python bites you. The ball python constricts you.
The ball python barely misses you. The ball python constricts you.
You take 4 damage, and have 27/31 hp.
You thump the ball python!
You kill the ball python!
Found a stone staircase leading down.
Health restored: 31 You now have 59 gold pieces (gained 14).
You see here a +0 dagger.
You see here a bat corpse.
Found a robe.
You see here a +0 robe.
A frilled lizard comes into view.
A frilled lizard is nearby!
You block the frilled lizard's attack.
You barely miss the frilled lizard. The frilled lizard closely misses you.
The frilled lizard barely misses you.
You hit the frilled lizard.
You kill the frilled lizard!
Found a cloak.
You see here a +0 cloak.
You open the door.
There is an open door here.
The endoplasm quivers.
The rat squeaks loudly.
The endoplasm quivers.
You hear a loud squeak.
The jackal barks!
The endoplasm quivers.
You hear a bark!
You hear a loud squeak.
The endoplasm quivers.
The jackal barks!
The giant cockroach waves its antennae.
The rat squeaks loudly.
The jackal pauses to sniff the ground.
Search for what [? for help]? cloak
There is a fountain of clear blue water here.
There is an open door here.
You see here a +0 cloak.
i - a +0 cloak Are you sure you want to abandon this character and quit the game? (Confirm with "yes".)

######## #.....[##
#.####... #### #.#
#### #..############.#
##....@......##.######
#.#########.........##
#.### #...##..####...
#...# #...##.## ####
###.## #...##.########
#..# #..............
##.# #..รท##.###.####
#.# #......###.#
#.###..........####


There were no monsters in sight!

Vanquished Creatures
  3 ball pythons (D:1)
  3 endoplasms (D:1)
  A giant cockroach (D:1)
  3 goblins (D:1)
  2 hobgoblins (D:1)
  A kobold (D:1)
  2 bats (D:1)
  2 frilled lizards (D:1)
  3 rats (D:1)
20 creatures vanquished.

Notes
Turn   | Place    | Note
-------+----------+-------------------------------------------
     0 | D:1      | jasper the Mountain Dwarf Fighter began the quest for the
                  | Orb.
     0 | D:1      | Reached XP level 1. HP: 19/19 MP: 1/1
     1 | D:1      | Found a runed translucent door.
    98 | D:1      | Reached XP level 2. HP: 15/26 MP: 2/2
   241 | D:1      | Reached XP level 3. HP: 28/31 MP: 3/3
   628 | D:1      | Quit the game

Illustrated notes

Levels and vault maps discovered:
D:1:      dpeg_arrival_caged_fury, layout_rooms

Skill      XL: |  1  2 |
---------------+-------+-----
Maces & Flails | 3 |  3.3
Fighting       | |  3.6
Armour         | |  3.6
Shields        | |  3.6

Action                     || total
---------------------------++-------
  Melee: Flail             ||    42
 Armour: Scale mail        ||    32
  Dodge: Dodged            ||    12
  Block: Buckler           ||     8

Table legend: (Time is in decaauts)
 A = Elapsed time spent in this place.
 B = Non-inter-level travel time spent in this place.
 C = Inter-level travel time spent in this place.
 D = Time resting spent in this place.
 E = Time spent auto-exploring this place.
 F = Levels seen in this place.
 G = Mean time per level.
                   A        B        C        D        E       F      G
               +--------+--------+--------+--------+--------+-----+--------+
         Total |    639 |    607 |     32 |      0 |    472 |   1 |  639.0 |
       Dungeon |    639 |    607 |     32 |      0 |    472 |   1 |  639.0 |
               +--------+--------+--------+--------+--------+-----+--------+

Top non-repeatable levels by time:
     D:1: 639 daAuts
